 Dungeon Crawl Stone Soup version 0.26-a0-683-g5206c1d (webtiles) character file.

Game seed: 12071997902992133630

19291 Mopster the Severer (level 12, -1/108 HPs)
             Began as a Minotaur Berserker on Oct 22, 2020.
             Was a High Priest of Trog.
             Killed from afar by a fire giant (30 damage)
             ... with a bolt of fire
             ... on level 11 of the Dungeon.
             The game lasted 00:37:57 (11373 turns).

Mopster the Severer (Minotaur Berserker)           Turns: 11373, Time: 00:37:57

Health: -1/108     AC: 16    Str: 25    XL:     12   Next: 35%
Magic:  11/11      EV: 11    Int:  4    God:    Trog [*****.]
Gold:   771        SH:  0    Dex: 12    Spells: 11/11 levels left

rFire    . . .     SeeInvis +   H - +8 executioner's axe of Blood {vorpal, +Rage rPois rC-}
rCold    . . .     Faith    +   (shield currently unavailable)
rNeg     . . .     Spirit   .   u - +2 chain mail {rC+}
rPois    +         Reflect  .   (helmet restricted)
rElec    .         Harm     .   (no cloak)
rCorr    +         Rampage  .   (no gloves)
MR       .....                  r - +0 pair of boots
Stlth    ..........             C - amulet of faith
HPRegen  0.28/turn              x - ring of resist corrosion
MPRegen  0.12/turn              y - ring of see invisible

@: no status effects
A: retaliatory headbutt, horns 2
a: Berserk, Trog's Hand, Brothers in Arms, Renounce Religion, Evoke Berserk Rage


You were on level 11 of the Dungeon.
You worshipped Trog.
Trog was extremely pleased with you.
You visited 1 branch of the dungeon, and saw 11 of its levels.

You collected 904 gold pieces.
You spent 133 gold pieces at shops.

Inventory:

Hand Weapons
 a - a +2 battleaxe
 H - the +8 executioner's axe of Blood (weapon) {vorpal, +Rage rPois rC-}
   (Trog gifted it to you on level 8 of the Dungeon)

   It inflicts extra damage upon your enemies.
   It makes you vulnerable to cold.
   It protects you from poison.
   It lets you go berserk.
 J - a +2 vorpal executioner's axe
Armour
 r - a +0 pair of boots (worn)
 u - a +2 chain mail of cold resistance (worn)
 G - a +0 plate armour
Jewellery
 g - a +6 ring of strength
 t - a +4 ring of evasion
 x - a ring of resist corrosion (left hand)
 y - a ring of see invisible (right hand)
 C - an amulet of faith (around neck)
 D - an uncursed ring of ice
 N - an uncursed ring of stealth
Wands
 k - a wand of enslavement (8)
 w - a wand of paralysis (11)
 E - a wand of random effects (8)
 K - a wand of digging (4)
Scrolls
 b - 3 scrolls of immolation
 i - 8 scrolls of remove curse
 m - 2 scrolls of fog
 n - 6 scrolls of teleportation
 p - 2 scrolls of magic mapping {unknown}
 z - a scroll of fear {unknown}
 A - 3 scrolls of enchant weapon {unknown}
 B - 3 scrolls of identify
 I - a scroll of random uselessness {unknown}
Potions
 c - a potion of degeneration {unknown}
 d - 2 potions of curing {unknown}
 e - 2 potions of magic {unknown}
 h - a potion of ambrosia {unknown}
 j - 4 potions of cancellation {unknown}
 l - 3 potions of berserk rage {unknown}
 o - a potion of heal wounds {unknown}
 q - a potion of resistance {unknown}
 s - a potion of mutation {unknown}
 v - 3 potions of might {unknown}
 F - a potion of haste {unknown}
 L - 2 potions of stabbing {unknown}
 M - a potion of flight {unknown}


   Skills:
 + Level 10.6 Fighting
 + Level 15.8 Axes
 * Level 14.2 Armour
 + Level 4.8 Dodging


You had 11 spell levels left.
You didn't know any spells.
Your spell library was empty.

Dungeon Overview and Level Annotations

Branches:
Dungeon (11/15)            Temple (0/1) D:5            Lair (0/6) D:9
    Orc (0/2) D:11

Altars:
Fedhas
Makhleb
Sif Muna
Uskayaw
Yredelemnul

Shops:
D:5 (

Annotations:
D:11 1 runed translucent door


Innate Abilities, Weirdness & Mutations

You reflexively headbutt those who attack you in melee.
You have a pair of horns on your head.


Message History

Your ogre closely misses the fire giant.
The fire giant completely misses your ogre.
Your ogre barely misses the fire giant.
The fire giant gestures at you while chanting.
The bolt of fire hits your ogre!! The bolt of fire hits you!!
* * * LOW HITPOINT WARNING * * *
The tree burns like a torch!
Unknown command.
Your ogre rages.
The fire giant hits your ogre with a +2 great sword of flaming!!
The fire giant burns your ogre.
Your ogre dies!
Your ogre's corpse disappears in a puff of smoke!
Things that are here:
3 large rocks; a cyclops corpse
There is an open translucent door, spattered with blood here.
You see here 4 stones.
The fire giant points at you and mumbles some strange words.
The bolt of fire hits you!!
You die...

##:$#8....♣.#.#####.[).#..#.##.
###..$....#####....##.#.#....#..#
#.#####8.##........#####..##.....
....#8.?.#..⌠......####.#...#.#..
..#####8.##.....##.#.##.###..#..#
.##.$}....#####.##.##.........>..
.##$..#8...§.[#(##.###..#.##..###
.########♣.C§(')##.##.#.##..#...#
........###..##(@..#..##.#.#..##.
.##.##### ####.##..#..#.....#....
.##.# #..##..##..##.##..... .##.#
######..##..##.#.#.######. .##.#
#<[.....)...##...#.#....#. .##.#
#.#)###.##..##...#..##...# ..#.#
#.#.# #.##>.#..#.#..#..#.# #.#.#
#.#.# #.##..#.#.##.#.##### #.#.#
#...# #.##..###.########


You could see a fire giant.

Vanquished Creatures
  A lich (D:11)
  Snorg (D:11)
  The ghost of ddlpg the Carver, a journeyman FoFi of Cheibriados (D:11)
  A two-headed ogre (D:10)
  3 death yaks (D:9)
  A skeletal warrior (D:11)
  An unseen horror (D:11)
  A necromancer (D:11)
  A manticore (D:11)
  An ugly thing (D:11)
  A cyclops (D:11)
  Psyche (D:11)
  The ghost of crawlisdead the Magician, a novice DrCj (D:6)
  2 trolls
  Prince Ribbit (D:8)
  A centaur simulacrum (D:11)
  A vampire (D:11)
  A wyvern (D:8)
  6 yaks
  Eustachio (D:4)
  Edmund (D:4)
  A water moccasin (D:10)
  5 sky beasts
  2 phantoms
  A black bear (D:11)
  7 orc warriors
  3 ice beasts
  A necrophage (D:9)
  5 centaurs
  8 ogres
  Blork the orc (D:4)
  3 big kobolds
  12 bullfrogs
  3 scorpions (D:5)
  15 killer bees
  9 wights
  9 howler monkeys
  6 jellies
  A centaur zombie (D:10)
  A bullfrog zombie (D:5)
  A quasit (D:9)
  A centaur skeleton (D:4)
  11 hounds
  23 orc wizards
  5 orc priests
  2 bullfrog skeletons (D:9)
  Jessica (D:7)
  2 iguanas
  8 worker ants
  A hound zombie (D:6)
  A hound skeleton (D:7)
  2 howler monkey skeletons (D:7)
  7 gnolls
  9 adders
  3 shadow imps
  An ufetubus (D:6)
  2 dart slugs (D:1)
  2 leopard geckos
  44 orcs
  11 bats
  6 giant cockroaches
  11 goblins
  5 hobgoblins
  11 jackals
  25 kobolds
  2 quokkas
  6 frilled lizards
  A quokka zombie (D:5)
  12 rats
338 creatures vanquished.

Vanquished Creatures (collateral kills)
  A deep troll earth mage (D:11)
  A skeletal warrior (D:11)
  A cyclops (D:11)
3 creatures vanquished.

Vanquished Creatures (others)
  A howler monkey (D:8)
1 creature vanquished.

Grand Total: 342 creatures vanquished

Notes
Turn   | Place    | Note
-------+----------+-------------------------------------------
     0 | D:1      | Mopster the Minotaur Berserker began the quest for the Orb.
     0 | D:1      | Reached XP level 1. HP: 19/19 MP: 0/0
    84 | D:1      | Reached skill level 4 in Axes
    87 | D:1      | Reached XP level 2. HP: 24/27 MP: 1/1
   376 | D:1      | Reached XP level 3. HP: 33/33 MP: 2/2
   446 | D:1      | Reached ** piety under Trog
  1570 | D:3      | Reached XP level 4. HP: 20/41 MP: 3/3
  2318 | D:3      | Found a faded altar of an unknown god.
  2433 | D:3      | Reached skill level 5 in Axes
  2519 | D:3      | Found a blossoming altar of Fedhas.
  2715 | D:4      | Reached *** piety under Trog
  2716 | D:4      | Noticed an ogre
  2721 | D:4      | Killed an ogre
  2721 | D:4      | Reached XP level 5. HP: 47/47 MP: 4/4
  2724 | D:4      | Noticed Edmund
  2743 | D:4      | Killed Edmund
  2743 | D:4      | Reached skill level 6 in Axes
  2743 | D:4      | Reached skill level 5 in Armour
  2743 | D:4      | Reached XP level 6. HP: 38/55 MP: 5/5
  2996 | D:4      | Noticed Eustachio
  3015 | D:4      | Killed Eustachio
  3015 | D:4      | Reached skill level 5 in Fighting
  3021 | D:4      | Reached XP level 7. HP: 61/61 MP: 6/6
  3305 | D:4      | Noticed Blork the orc
  3316 | D:4      | Killed Blork the orc
  3623 | D:5      | Entered Level 5 of the Dungeon
  3648 | D:5      | Reached skill level 7 in Axes
  3679 | D:5      | Reached XP level 8. HP: 36/69 MP: 7/7
  4166 | D:5      | Found a staircase to the Ecumenical Temple.
  4343 | D:5      | Found Ruun's Antique Weapon Boutique.
  4351 | D:5      | Bought a glowing broad axe for 133 gold pieces
  4726 | D:5      | Reached skill level 8 in Axes
  5135 | D:6      | Reached **** piety under Trog
  5280 | D:6      | Reached skill level 9 in Axes
  5491 | D:6      | Reached XP level 9. HP: 72/78 MP: 8/8
  5751 | D:6      | Found a runed translucent gate.
  5751 | D:6      | Found a runed translucent gate.
  5751 | D:6      | Found a runed translucent gate.
  5752 | D:6      | Noticed crawlisdead's ghost (novice DrCj)
  5767 | D:6      | Killed crawlisdead's ghost
  5767 | D:6      | Reached skill level 10 in Armour
  5991 | D:7      | Reached skill level 10 in Axes
  6950 | D:7      | Noticed Jessica
  6953 | D:7      | Killed Jessica
  6966 | D:7      | Found a shimmering blue altar of Sif Muna.
  7240 | D:8      | Reached ***** piety under Trog
  7322 | D:8      | Reached XP level 10. HP: 86/86 MP: 9/9
  7522 | D:8      | Reached skill level 11 in Axes
  7542 | D:8      | Found a burning altar of Makhleb.
  7543 | D:8      | Found a hide-covered altar of Uskayaw.
  7574 | D:8      | Noticed Prince Ribbit
  7583 | D:8      | Killed Prince Ribbit
  7856 | D:8      | Received a gift from Trog
  7857 | D:8      | Got an ichor-stained executioner's axe {god gift}
  7858 | D:8      | Identified the +8 executioner's axe of Blood {vorpal, +Rage
                  | rPois rC-} (Trog gifted it to you on level 8 of the
                  | Dungeon)
  7864 | D:9      | Found a basalt altar of Yredelemnul.
  7897 | D:9      | Found a staircase to the Lair.
  7897 | D:9      | Noticed a death yak
  7897 | D:9      | Noticed a death yak
  7897 | D:9      | Noticed a death yak
  7905 | D:9      | Killed a death yak
  7905 | D:9      | Reached skill level 12 in Axes
  7908 | D:9      | Killed a death yak
  7916 | D:9      | Killed a death yak
  7916 | D:9      | Reached skill level 13 in Axes
  8165 | D:9      | Reached XP level 11. HP: 85/95 MP: 10/10
  8936 | D:10     | Entered Level 10 of the Dungeon
  9042 | D:10     | Reached ****** piety under Trog
  9098 | D:10     | Noticed a two-headed ogre
  9105 | D:10     | Killed a two-headed ogre
  9105 | D:10     | Received a gift from Trog
  9307 | D:10     | Reached skill level 14 in Axes
  9575 | D:11     | Noticed Psyche
  9580 | D:11     | Killed Psyche
  9677 | D:11     | Noticed Snorg
  9685 | D:11     | Killed Snorg
  9846 | D:11     | Noticed ddlpg's ghost (journeyman FoFi)
  9846 | D:11     | Noticed a lich
  9846 | D:11     | Noticed a necromancer
  9847 | D:11     | Noticed a fire giant
  9847 | D:11     | Noticed a deep troll earth mage
  9847 | D:11     | Noticed a skeletal warrior
  9960 | D:11     | Found a runed translucent door.
  9961 | D:11     | Noticed a skeletal warrior
  9962 | D:11     | Found a runed translucent door.
 10086 | D:11     | Noticed a green ugly thing
 10088 | D:11     | Found a staircase to the Orcish Mines.
 10088 | D:11     | Noticed an unseen horror
 10100 | D:11     | Killed a green ugly thing
 10100 | D:11     | Reached skill level 15 in Axes
 10507 | D:11     | Killed an unseen horror
 10507 | D:11     | Reached skill level 10 in Fighting
 10636 | D:11     | Received a gift from Trog
 11264 | D:11     | Killed a lich
 11264 | D:11     | Reached XP level 12. HP: 106/106 MP: 11/11
 11270 | D:11     | Killed ddlpg's ghost
 11279 | D:11     | Killed a deep troll earth mage
 11373 | D:11     | Killed from afar by a fire giant

Illustrated notes

Levels and vault maps discovered:
D:1:      dpeg_arrival_lava_altar, layout_rooms
D:2:      layout_basic, minmay_misc_feat_cross, feat_on_display
D:3:      layout_basic, fedhas_altar_4, chequers_ecumenical_altar_simple,
          kennysheep_generic_room_11
D:4:      layout_basic, uniq_edmund, uniq_eustachio, uniq_blork_the_orc
D:5:      kennysheep_spiral_hall, layout_gridville,
          minmay_temple_entry_water_ring, serial_shops, nicolae_shop_statue_plus
D:6:      minmay_flawed_box, layout_cave_pools, ebering_ghost_rock_garden
D:7:      layout_layer_cave, tgw_sif
D:8:      layout_basic, gammafunk_temple_overflow_pools, uniq_prince_ribbit1
D:9:      kennysheep_blocky_hall, layout_irregular_city, dpeg_lair_monsters,
          basic_altar, st_stairs_10
D:10:     layout_rooms, minmay_misc_feat_tiny
D:11:     layout_loops_ring, erik_orc_3, muffindrake_ghost_dual_entry,
          uniq_snorg, uniq_psyche

Skill      XL: |  1  2  3  4  5  6  7  8  9 10 11 12 |
---------------+-------------------------------------+-----
Axes           | 4 5 6 7 9 10 13 15 | 15.8
Fighting       | 4 5 6 7 8 10 | 10.6
Armour         | 3 4 5 6 8 9 11 12 13 14 | 14.2
Dodging        | 3 4 |  4.8

Action                   |  1- 3 |  4- 6 |  7- 9 | 10-12 || total
-------------------------+-------+-------+-------+-------++-------
Melee: Hand axe          |    96 |    67 |   306 |       ||   469
       Headbutt          |    11 |    11 |    57 |    38 ||   117
       Battleaxe         |       |       |    27 |    61 ||    88
       Executioner's axe |       |       |       |   224 ||   224
Invok: Berserk           |     1 |     2 |    11 |     9 ||    23
       Brothers in Arms  |       |       |       |     4 ||     4
       Trog's Hand       |       |       |       |     2 ||     2
  Use: Scroll            |       |     2 |     9 |     1 ||    12
       Potion            |       |     1 |       |       ||     1
 Stab: Sleeping          |     1 |       |       |       ||     1
Armor: Animal skin       |    14 |       |       |       ||    14
       Chain mail        |    20 |    36 |   108 |    60 ||   224
       Plate armour      |       |       |       |   106 ||   106
Dodge: Dodged            |    51 |    57 |   100 |   233 ||   441
Block: Tower shield      |       |       |   164 |       ||   164

Table legend: (Time is in decaauts)
 A = Elapsed time spent in this place.
 B = Non-inter-level travel time spent in this place.
 C = Inter-level travel time spent in this place.
 D = Time resting spent in this place.
 E = Time spent auto-exploring this place.
 F = Levels seen in this place.
 G = Mean time per level.
                   A        B        C        D        E       F      G
               +--------+--------+--------+--------+--------+-----+--------+
         Total |  11631 |  10960 |    671 |   1379 |   7596 |  11 | 1057.4 |
       Dungeon |  11631 |  10960 |    671 |   1379 |   7596 |  11 | 1057.4 |
               +--------+--------+--------+--------+--------+-----+--------+

Top non-repeatable levels by time:
    D:11: 1525 daAuts
     D:5: 1507 daAuts
     D:3: 1367 daAuts
     D:7: 1175 daAuts
     D:8: 1019 daAuts
    D:10: 990 daAuts
     D:6: 880 daAuts
     D:9: 879 daAuts
     D:1: 788 daAuts
     D:2: 774 daAuts
     D:4: 723 daAuts
